[Event "36 Abierto Ciudad de Sevilla"]
[Site "?"]
[Date "2011.01.12"]
[Round "6"]
[White "Razmyslov, Alexander"]
[Black "Prados Montaño, Antonio"]
[Result "1-0"]
[ECO "D23"]
[WhiteElo "2439"]
[BlackElo "2244"]
[PlyCount "105"]
[SourceDate "2011.01.07"]
[TimeControl "5400+30"]

1. d4 d5 2. c4 Nc6 3. Nc3 dxc4 4. Nf3 Nf6 5. Qa4 Nd5 6. Qxc4 Ndb4 $5 (6... Nb6
7. Qb3 e5 8. dxe5 Be6 9. Qc2 Bb4 10. g3 Qd5 11. Bg2 Nd4 12. Qd2 O-O-O 13. Nxd5
Bxd2+ 14. Bxd2 Bxd5 15. Nxd4 Bxg2 16. Rg1) 7. Qb3 Be6 (7... Nxd4 8. Nxd4 Qxd4
9. a3 Na6 10. Be3 Qd7 11. Rd1 Qc6 $44) (7... e5 $1 8. dxe5 Be6 9. Qa4 Bd7 10.
Qd1 Bf5 11. Bg5 f6 12. exf6 gxf6 (12... Nc2+ 13. Qxc2 Bxc2 14. fxg7 Bxg7 15.
Bxd8 Rxd8 16. Rc1 $16) 13. e4 $13) 8. Qa4 (8. Qd1 $2 Nxd4 $1 $17) 8... a6 9. a3
Nd5 10. e4 Nb6 11. Qd1 Bg4 12. d5 Ne5 13. a4 (13. Be2) 13... e6 14. a5 Nbd7 15.
Be2 Bxf3 16. Bxf3 Bd6 (16... exd5 17. exd5 Bd6 18. O-O O-O) 17. dxe6 fxe6 18.
Bh5+ Ng6 19. O-O (19. Qg4 Qf6 20. Bg5 Qf7 21. f4 O-O 22. g3) 19... Qf6 (19...
O-O 20. Bxg6 hxg6 21. Qg4 Qf6 22. f4 $2 g5 $1) 20. f4 O-O-O (20... Rd8 21. e5
Ndxe5 22. Ne4 Qe7 23. Qb3 $16) (20... O-O 21. e5 Bc5+ 22. Kh1 Qe7 23. Ne4) 21.
g3 Bc5+ 22. Kg2 {Diagrama #} Qd4 $2 (22... Ne7) 23. Qc2 Ba7 24. Ra4 Qc5 $6 (
24... Qf6) 25. Be2 $1 Kb8 (25... Nb8 26. Rc4 (26. b4 Qe7 27. Ba3) 26... Qxa5
27. b4 Qb6 28. Be3 $1 Qxe3 29. Rxc7+ $1 Kxc7 30. Nd5+ Kd7 31. Nxe3 Bxe3 32.
Qd3+) 26. b4 Qc6 27. b5 axb5 28. Bxb5 Qd6 (28... Qc5 $4 29. Ba3 Qe3 30. Nd1)
29. e5 Ndxe5 $5 30. fxe5 Qxe5 31. Re4 Qd6 32. Be2 Rhf8 33. Nb5 Qc5 34. Qxc5
Bxc5 35. Rxf8 Rxf8 36. Be3 Bxe3 37. Rxe3 c6 38. Nd4 e5 39. Nf3 Re8 40. Bd3 Ka7
41. Kf2 (41. Bxg6 $6 hxg6 42. Nxe5 Ka6 43. h4 Re6 44. Kf3 Rf6+ 45. Ke4 Kxa5)
41... e4 42. Bxe4 Ne5 $2 43. Nxe5 (43. Bf5 $1) 43... Rxe5 44. a6 bxa6 45. Bxc6
Rf5+ 46. Rf3 Rc5 47. Rf7+ Kb6 48. Be4 g5 49. Rf6+ Ka7 50. Bxh7 a5 51. Bd3 Kb7
52. Ke3 Kc7 53. Ra6 1-0

[Event "36 Abierto Ciudad de Sevilla"]
[Site "Barcelona"]
[Date "2011.01.11"]
[Round "5"]
[White "Gonzalez Garcia, Jose"]
[Black "Teran Alvarez, Ismael"]
[Result "1-0"]
[ECO "B61"]
[WhiteElo "2503"]
[BlackElo "2432"]
[Annotator "Gonzalez Garcia,Jose"]
[PlyCount "53"]
[SourceDate "2011.01.07"]
[TimeControl "180+5"]

1. Nf3 c5 2. e4 d6 3. d4 cxd4 4. Nxd4 Nf6 5. Nc3 Nc6 6. Bg5 Bd7 7. Qd2 Rc8 8.
Nxc6 Bxc6 9. f3 a6 10. O-O-O e6 11. Kb1 Be7 12. h4 (12. Bf4 d5) 12... O-O 13.
Ne2 b5 (13... h6 14. Be3 d5 15. e5 Nd7 16. f4 Nc5 17. Nd4 $13) 14. Nd4 Qb6 (
14... Bb7 15. Bd3) 15. g4 b4 16. Be3 Qb7 17. g5 $5 {Diagrama #} Nd7 (17... Nxe4
$1 18. fxe4 Bxe4 19. Rh2 e5 20. Bh3 (20. Nb3 Rxc2 21. Qxc2 Bxc2+ 22. Rxc2 Qf3
23. Re1 $13) (20. h5 exd4 21. Qxd4) (20. Bd3 exd4 21. Bxe4 Qxe4 22. Bxd4 $13)
20... exd4 (20... Rc4 21. Nf5 Rxc2 22. Qxc2 Bxc2+ 23. Rxc2 $18) 21. Bxc8 Rxc8
22. Qxd4 d5 $44) 18. g6 Nc5 (18... hxg6 19. h5 {Con fuerte ataque.}) (18...
fxg6 19. Bh3 e5 20. h5 $1 gxh5 (20... exd4 21. Be6+ Kh8 (21... Rf7 22. hxg6
hxg6 23. Qh2) 22. hxg6 $18) 21. Nf5) 19. h5 Bf6 20. Bg5 {
Intentando eliminar la mejor pieza defensiva de las negras.} (20. gxh7+ Kh8 21.
h6 g6) 20... Be5 21. gxh7+ Kxh7 $6 (21... Kh8 22. h6 g6 23. Bg2 $1 {
Prepara f4 para incomodar al Be5} Kxh7 (23... Na4 24. Ka1) (23... a5 24. Nxc6
Rxc6 25. f4 Bc3 26. Qf2 $16) 24. Nxc6 (24. Qf2) 24... Rxc6 25. f4 Bc3 26. Qe3 {
La posición blanca es muy prometedora.}) 22. Nxc6 Rxc6 $2 (22... Qxc6 {
era el mal menor.} 23. f4 Bf6 (23... Nxe4 24. Bd3) 24. Qg2 $16 (24. h6 Bxg5 25.
hxg7+ Kxg7) (24. Bxf6 gxf6 {no es claro.}) 24... Nxe4 $2 25. Bd3 d5 26. Bxe4+
dxe4 27. h6 $18) 23. f4 $1 Bc3 (23... Nxe4 24. Bd3 $18) 24. Qg2 Na4 $2 {
Diagrama #} (24... Rfc8 25. e5 $1 dxe5 26. Bf6) (24... Rcc8 25. Rxd6) (24... f6
25. Bh4 $16) 25. e5 $1 dxe5 (25... Nxb2 26. Bf6) (25... f5 26. h6 g6 27. Rxd6)
(25... f6 26. Rxd6 Rxd6 27. Bd3+) 26. Bf6 $1 Rg8 27. Bd3+ (27. Bd3+ Kh8 28. Qg6
fxg6 (28... e4 29. Qh6#) 29. hxg6# {Comentarios de González para P Belleza})
1-0